 Dungeon Crawl Stone Soup version 0.18.1-48-g4cf74bf (webtiles) character file.

864143 Peloso the Minotaur Barricade (level 27, 0/201 (218) HPs)
             Began as a Minotaur Fighter on Aug 2, 2016.
             Was a High Priest of Okawaru.
             Killed from afar by a starcursed mass (9 damage)
             ... with an accursed screaming
             ... on level 1 of the Abyss on Aug 3, 2016.
             The game lasted 07:20:11 (121792 turns).

Peloso the Minotaur Barricade (Minotaur Fighter)  Turns: 121792, Time: 07:20:12

HP:   0/201 (218)   AC: 48    Str: 44      XL:     27
MP:   26/28         EV: 28    Int: 10 (15) God:    Okawaru [*****.]
Gold: 10803         SH: 23    Dex: 27 (28) Spells: 0 memorised, 26 levels left

rFire  + . .     SeeInvis +     U - +9 double sword (slice)
rCold  . . .     Gourm    +     M - +12 gold dragon armour
rNeg   + . .     Faith    .     Z - +1 shield {reflect}
rPois  +         Spirit   .     b - +2 hat of Free Will {*Contam rElec MR+ Int+3}
rElec  +         Dismiss  .     G - +2 cloak of Fuesuiwn {Int+4 Dex+4 Slay+2}
rCorr  .         Reflect  +     W - -1 pair of gloves "Pusaplee" {+Inv Str+4 Slay+2}
SustAt .         Harm     .     E - +0 pair of boots of Itzuitzomuu {-Cast rElec Dex+10 Stlth+}
MR     +++..     Rnd*Rage +     B - amulet of the gourmand
Stlth  .......... NoCast   +    T - ring "Diwkiqos" {rC- rN+ Str+6 Int+3 SInv}
                                d - +6 ring of strength

@: exhausted, non-regenerating, diseased, slowed, drained, very slow, extremely
resistant to hostile enchantments, extremely unstealthy
A: retaliatory headbutt, horns 2, talons 1, berserk 3, blurry vision 1,
deterioration 2, frail 2, low mp 2, slow regeneration 1, weak 1, subdued magic 1
a: Heroism, Finesse, Renounce Religion, Evoke Invisibility
}: 5/15 runes: serpentine, barnacled, slimy, silver, golden


You were on level 1 of the Abyss.
You worshipped Okawaru.
Okawaru was extremely pleased with you.
You were not hungry.

You visited 14 branches of the dungeon, and saw 65 of its levels.
You visited the Abyss 1 time.
You also visited: Labyrinth, Sewer, Ossuary and Ice Cave.

You collected 11040 gold pieces.
You spent 237 gold pieces at shops.

Inventory:

Hand Weapons
 s - a +9 double sword of freezing
 U - a +9 double sword of slicing (weapon)
 V - a +4 demon blade of flaming
Armour
 b - the +2 hat of Free Will (worn) {*Contam rElec MR+ Int+3}
   (Okawaru gifted it to you on level 1 of the Realm of Zot)

   It affects your intelligence (+3).
   It insulates you from electricity.
   It affects your resistance to hostile enchantments.
   It causes magical contamination when unequipped.
 E - the +0 pair of boots of Itzuitzomuu (worn) {-Cast rElec Dex+10 Stlth+}
   (Okawaru gifted it to you on level 4 of the Vaults)

   It affects your dexterity (+10).
   It insulates you from electricity.
   It prevents spellcasting.
   It makes you more stealthy.
 G - the +2 cloak of Fuesuiwn (worn) {Int+4 Dex+4 Slay+2}
   (You found it on level 3 of the Shoals)

   It affects your intelligence (+4).
   It affects your dexterity (+4).
   It affects your accuracy and damage with ranged weapons and melee attacks
   (+2).
 M - a +12 gold dragon armour (worn)
 W - the -1 pair of gloves "Pusaplee" (worn) {+Inv Str+4 Slay+2}
   (Okawaru gifted it to you on level 5 of the Lair of Beasts)

   It affects your strength (+4).
   It affects your accuracy and damage with ranged weapons and melee attacks
   (+2).
   It lets you turn invisible.
 Z - a +1 shield of reflection (worn)
Jewellery
 d - a +6 ring of strength (left hand)
 g - an uncursed ring of fire
 B - an amulet of the gourmand (around neck)
 R - the amulet "Rilaluel" {Spirit rC+ Str+4}
   (You found it on level 10 of the Dungeon)

   [amulet of guardian spirit]

   It causes incoming damage to be split between your health and magic.
   It affects your strength (+4).
   It protects you from cold.
 T - the ring "Diwkiqos" (right hand) {rC- rN+ Str+6 Int+3 SInv}
   (You found it in an ice cave)

   [ring of intelligence]

   It affects your strength (+6).
   It affects your intelligence (+3).
   It makes you vulnerable to cold.
   It protects you from negative energy.
   It lets you see invisible.
Wands
 h - a wand of digging (16/24)
 j - a wand of disintegration (10/24)
 n - a wand of disintegration (6/24)
Scrolls
 c - 2 scrolls of silence
 e - 17 scrolls of recharging
 o - 22 scrolls of identify
 q - 6 scrolls of summoning
 t - 10 scrolls of teleportation
 y - 16 scrolls of remove curse
 N - a scroll of blinking
 O - 12 scrolls of fear
 Q - 7 scrolls of magic mapping
Potions
 a - 6 potions of might
 i - 2 potions of heal wounds
 k - 15 potions of curing
 l - 13 potions of flight
 r - 2 potions of berserk rage
 u - 3 potions of haste
 z - 9 potions of agility
 Y - 5 potions of resistance
Miscellaneous
 m - the horn of Geryon
 X - a figurine of a ziggurat
Comestibles
 f - 32 bread rations
 p - 19 meat rations
 v - 2 fruits


   Skills:
 O Level 27(26.6) Fighting
 O Level 27(26.6) Long Blades
 O Level 27(26.6) Armour
 + Level 24.8(24.4) Dodging
 + Level 5.5(5.3) Stealth
 O Level 27(26.6) Shields
 + Level 19.6(19.3) Invocations
 + Level 9.2(8.9) Evocations


You had 26 spell levels left.
You didn't know any spells.

Dungeon Overview and Level Annotations

Branches:
Dungeon (15/15)            Temple (1/1) D:7            Lair (8/8) D:10
 Shoals (4/4) Lair:4        Snake (4/4) Lair:5        Slime (6/6) Lair:7
    Orc (2/2) D:12            Elf (3/3) Orc:2        Vaults (5/5) D:14
  Crypt (3/3) Vaults:3       Tomb (3/3) Crypt:3      Depths (5/5) D:15
   Hell (1/1)                 Dis (0/7) Hell            Geh (0/7) Hell
    Coc (0/7) Hell            Tar (0/7) Hell            Zot (5/5) Depths:5

Altars:
Ashenzari
Cheibriados
Dithmenos
Elyvilon
Fedhas
Gozag
Kikubaaqudgha
Makhleb
Nemelex Xobeh
Okawaru
Pakellas
Qazlal
Ru
Sif Muna
Trog
Vehumet
Xom
Yredelemnul
Zin
The Shining One
Beogh
Jiyva

Shops:
D:10 :   Orc:2 ??(*!   Elf:3 ?   Vaults:2 *(?}:   Vaults:5 *

Portals:
Hell: Depths:1 Depths:2 Depths:3 Depths:4 Depths:5
Abyss: Depths:3 Depths:4
Pandemonium: Depths:3
Ziggurat: Depths:3
Trove: Vaults:1 (give wand of hasting (9))


Innate Abilities, Weirdness & Mutations

You reflexively headbutt those who attack you in melee.
You have a pair of horns on your head.
You have sharp toenails.
Scrolls take you a little longer to read.
You are very frail (-20% HP).
Your magical capacity is very low (-20% MP).
You are weak. (Str -2)
[You have an uncontrollable temper.]
[Your body often deteriorates upon taking damage.]
[You regenerate slowly when monsters are visible.]
[Your spells are a little easier to cast, but a little less powerful.]


Message History

You furiously retaliate!
You headbutt the starcursed mass!
The starcursed mass shudders and is absorbed by its neighbour.
Unknown command.
A chorus of shrieks assaults your mind.
* * * LOW HITPOINT WARNING * * *
A starcursed mass splits.
You block the small abomination's attack.
You block the shadow dragon's attack. x2
The shadow dragon completely misses you.
There is a gateway leading out of the Abyss here.
Unknown command.
You block the small abomination's attack.
You block the starcursed mass's attack.
The shadow dragon breathes negative energy at you.
The bolt of negative energy hits you! You partially resist.
You feel drained.
* * * LOW HITPOINT WARNING * * *
The bolt of negative energy hits the small abomination.
The small abomination completely resists.
A chorus of shrieks assaults your mind.
You die...

... ..........
................. .
................ . ..
.#..... .....# ..
...###...###...## ÷.÷#
....#.....#.....#..÷..
...........)...... ..
.......xX............
.......@XX........)..
....#..D..#...†.#....
...###...###...## . .
#.....#../>.# . . .
............[.... . .
....................
................. ...
...#.....#.....#.... .
##... ##...###. .#


You could see 3 starcursed masses, a shadow dragon and a small abomination.

Vanquished Creatures
  the Royal Jelly (Slime:6)
  The ghost of baghtru the Axe Maniac, a legendary HOFi of Okawaru (Tomb:1)
  5 orbs of fire (Zot:5)
  Mara (Depths:2)
  8 ancient liches
  35 greater mummies
  Frederick (Tomb:3)
  The ghost of raetorn the Severer, a veteran MiFi of Makhleb (Depths:1)
  Margery (Crypt:1)
  5 Killer Klowns
  2 curse toes
  Norris (Vaults:1)
  Geryon (Hell)
  12 golden dragons
  5 caustic shrikes (Depths:3)
  A bone dragon (Crypt:3)
  Jory (Vaults:4)
  Xtahua (Vaults:4)
  the Enchantress (Depths:2)
  Jorgrun (Vaults:1)
  5 liches
  Rupert (Orc:2)
  17 tentacled monstrosities
  3 electric golems
  A Hell Sentinel (Abyss:1)
  25 Orb Guardians (Zot:5)
  Asterion (Elf:2)
  2 quicksilver dragons
  3 titans
  Gastronok (Lair:2)
  2 deep elf blademasters
  8 sphinxes
  2 krakens (Shoals:4)
  5 tentacled starspawn (Abyss:1)
  32 acid blobs
  6 death cobs
  6 ancient champions
  7 tengu reavers
  Ilsuiw (Shoals:4)
  18 storm dragons
  Kirke (Lair:6)
  6 shadow dragons
  4 draconian monks
  4 revenants
  Wiglaf (Elf:2)
  8 greater nagas
  Maud (Lair:7)
  27 azure jellies
  5 draconian knights
  11 fire giants
  Donald (Crypt:1)
  6 draconian scorchers
  3 ghost moths
  Aizul (Elf:2)
  5 draconian shifters
  13 frost giants
  10 ghouls
  2 balrugs (Hell)
  17 vault wardens
  A juggernaut zombie (Crypt:1)
  An angel (Depths:3)
  Louise (Depths:4)
  7 deep elf sorcerers
  2 iron dragons
  A curse skull (Crypt:3)
  2 deep elf elementalists
  A war gargoyle (Hell)
  4 draconian zealots
  4 spriggan defenders (Depths:2)
  A cacodemon (Hell)
  The ghost of cba the Ninja, an adept FeEn of Dithmenos (Vaults:5)
  20 very ugly things
  6 caustic shrike skeletons (Depths:2)
  5 draconian annihilators
  13 ironheart preservers
  10 reapers
  4 draconian callers
  11 green draconians
  10 vampire knights
  11 black draconians
  8 deep elf demonologists
  Azrael (Elf:1)
  27 stone giants
  Nessos (D:12)
  The ghost of schammes the Blocker, a journeyman GrFi of Qazlal (Lair:6)
  13 yellow draconians
  8 white draconians
  2 dire elephants
  8 salamander stormcallers
  13 red draconians
  12 deep elf annihilators
  4 bennus (Tomb:2)
  5 mottled draconians
  11 purple draconians
  11 deep elf death magi
  A minotaur (Lab)
  7 spark wasps (Depths:3)
  4 merfolk javelineers (Shoals:4)
  3 eidola
  4 blizzard demons
  8 crystal guardians
  A green death (Abyss:1)
  24 mummy priests
  18 fire dragons
  16 ettins
  27 vault guards
  4 jiangshi (Crypt:1)
  14 great orbs of eyes
  11 merfolk impalers
  A kraken zombie (Hell)
  4 entropy weavers
  10 death oozes
  7 deep elf high priests
  16 yaktaur captains
  5 rakshasas
  25 ice dragons
  11 hydras
  Fannar (D:11)
  8 centaur warriors
  A satyr (Shoals:2)
  10 death knights
  The ghost of letownia the Thaumaturge, a journeyman OpWz of Gozag (D:11)
  Erica (D:8)
  26 naga warriors
  17 anacondas
  A catoblepas (Lair:7)
  8 spriggan air magi
  2 merfolk avatars (Shoals:4)
  4 merfolk aquamancers
  A queen ant (Lair:3)
  16 ogre magi
  20 dancing weapons
  A hell hog (shapeshifter) (Depths:4)
  3 alligator snapping turtles (Shoals:4)
  9 death yaks
  A death yak (shapeshifter) (Depths:4)
  5 hell hogs
  8 tengu warriors
  9 deep troll shamans
  25 naga sharpshooters
  12 deep troll earth magi
  8 shock serpents
  9 spriggan berserkers
  Nergalle (Lair:4)
  A titan zombie (Depths:3)
  A shock serpent (shapeshifter) (Depths:5)
  20 deep elf knights
  7 vampire magi
  4 thrashing horrors (Abyss:1)
  3 sun demons (Hell)
  7 soul eaters
  7 hell knights
  5 wretched stars (Abyss:1)
  A fire crab (shapeshifter) (Vaults:5)
  3 iron golems (Hell)
  7 iron trolls
  A titan skeleton (Hell)
  5 shadow wraiths
  An iron giant skeleton (Crypt:3)
  A golden dragon zombie (Hell)
  A spatial maelstrom (Abyss:1)
  18 sea snakes
  17 skeletal warriors
  2 sea snakes (shapeshifter) (Depths:3)
  An unseen horror (shapeshifter) (Vaults:4)
  13 death scarabs
  11 flayed ghosts
  11 naga ritualists
  2 unseen horrors
  9 salamander mystics
  37 deep trolls
  7 spriggan druids (Depths:2)
  A hill giant (shapeshifter) (Vaults:4)
  An anaconda zombie (Hell)
  6 hill giants
  15 deep elf archers
  3 giant orange brains
  An orange crystal statue (Depths:3)
  A lindwurm (shapeshifter) (Vaults:4)
  2 shadow dragon zombies
  45 anubis guards
  18 ironbrand convokers
  2 anaconda skeletons
  21 harpies
  4 orc sorcerers
  11 necromancers
  An oklob plant (Lair:8)
  2 golden dragon skeletons
  10 phantasmal warriors
  An anubis guard (shapeshifter) (Depths:4)
  2 frost giant zombies
  19 orc knights
  70 deep elf magi
  5 wizards
  6 wolf spiders
  17 griffons
  A fire giant zombie (Depths:3)
  A human zombie (Vaults:4)
  13 mana vipers
  2 hornets
  98 slime creatures
  58 ugly things
  23 salamanders
  A salamander (shapeshifter) (Depths:4)
  9 cyclopes
  An apis skeleton (Crypt:3)
  10 shining eyes
  An octopode (shapeshifter) (Depths:5)
  2 stone giant zombies
  7 manticores
  6 fauns
  A shadow dragon skeleton (Tomb:2)
  A sixfirhy (Hell)
  A fire giant skeleton (Depths:3)
  A tengu skeleton (Depths:3)
  A worldbinder (Abyss:1)
  36 black mambas
  An iron dragon skeleton (Depths:3)
  5 elephants (Lair:4)
  A frost giant skeleton (Abyss:1)
  22 moths of wrath
  3 centaur zombies
  8 sirens
  A black mamba (shapeshifter) (Depths:2)
  3 ice statues
  7 water nymphs
  Maurice (D:8)
  2 apocalypse crabs (Abyss:1)
  6 guardian serpents
  5 rust devils (Hell)
  33 naga magi
  14 vault sentinels
  3 smoke demons (Abyss:1)
  Psyche (D:8)
  A torpor snail (Lair:6)
  7 eyes of devastation
  A guardian serpent (shapeshifter) (Depths:1)
  2 storm dragon simulacra
  A hellion (Abyss:1)
  An orange demon (Hell)
  An emperor scorpion zombie (Hell)
  A dire elephant skeleton (Crypt:1)
  A rime drake (shapeshifter) (D:15)
  A rime drake (Lair:6)
  A death yak zombie (Crypt:1)
  20 spiny frogs
  3 demonic crawlers
  13 komodo dragons
  47 yaktaurs
  53 guardian mummies
  2 ice devils
  An entropy weaver zombie (Crypt:3)
  A pale draconian zombie (Crypt:3)
  An elf skeleton (Depths:3)
  5 freezing wraiths
  4 red devils (Hell)
  2 hydra zombies
  3 tengu conjurers
  5 ancient zymes (Abyss:1)
  2 jumping spiders (Depths:3)
  A harpy zombie (D:14)
  A silent spectre (Abyss:1)
  A jumping spider (shapeshifter) (Vaults:4)
  3 wind drakes (Shoals:4)
  9 trolls
  A giant leech (Lair:8)
  25 merfolk
  A queen bee (shapeshifter) (Vaults:1)
  A minotaur skeleton (Crypt:1)
  2 tengu simulacra (Depths:3)
  A troll (shapeshifter) (Depths:1)
  A hydra skeleton (Hell)
  22 two-headed ogres
  A polar bear (Lair:4)
  8 boulder beetles
  A shadow dragon simulacrum (Vaults:4)
  2 bog bodies (Crypt:3)
  A hornet zombie (D:15)
  4 raiju (Abyss:1)
  48 blink frogs
  An ettin zombie (Vaults:4)
  14 ushabtiu
  8 large abominations
  9 snapping turtles
  A tarantella zombie (Crypt:2)
  3 alligator zombies
  An ice dragon zombie (Tomb:1)
  A tarantella (Vaults:1)
  12 air elementals
  A fire dragon zombie (Hell)
  15 redbacks
  41 flying skulls
  An alligator skeleton (Crypt:1)
  An ettin skeleton (Vaults:4)
  A fire dragon skeleton (Tomb:1)
  A vampire (Abyss:1)
  70 yaks
  A dire elephant simulacrum (Crypt:1)
  46 spriggans
  2 shadows
  A tarantella (shapeshifter) (Elf:1)
  11 wraiths
  A ynoxinul (Abyss:1)
  20 water elementals
  3 humans
  9 wyverns
  A spriggan (shapeshifter) (Elf:2)
  A human (shapeshifter) (Vaults:3)
  5 fire bats (Abyss:1)
  A basilisk (shapeshifter) (Vaults:2)
  A chaos spawn (Abyss:1)
  11 fire elementals
  13 golden eyes
  3 basilisks
  A steam dragon (shapeshifter) (Vaults:5)
  A hungry ghost (Abyss:1)
  12 hippogriffs
  2 neqoxecs (Abyss:1)
  Grum (D:11)
  Menkaure (D:4)
  3 mottled dragons (Vaults:2)
  66 nagas
  30 vampire mosquitoes
  A water nymph zombie (Crypt:1)
  A swamp worm (shapeshifter) (Vaults:4)
  10 wargs
  Edmund (D:6)
  12 hell hounds
  4 spiny frog zombies (Hell)
  A faun skeleton (Crypt:1)
  2 giant eyeballs
  15 water moccasins
  A spiny frog skeleton (Hell)
  21 soldier ants
  56 orc warriors
  14 porcupines
  2 black bears
  25 ice beasts
  A wasp (shapeshifter) (Depths:5)
  4 phantoms
  A swamp dragon zombie (Abyss:1)
  6 sky beasts
  18 wasps
  9 necrophages
  A manticore skeleton (Crypt:1)
  17 small abominations (Abyss:1)
  8 wolves
  49 ogres
  11 boggarts
  15 centaurs
  8 eyes of draining
  26 crocodiles
  3 big kobolds
  30 giant frogs
  4 elf zombies (Elf:2)
  A spiny frog simulacrum (Hell)
  A glowing shapeshifter simulacrum (Vaults:1)
  2 wyvern zombies
  3 earth elementals
  A water moccasin zombie (Crypt:3)
  7 scorpions
  A warg skeleton (Crypt:2)
  A human simulacrum (Vaults:2)
  9 killer bees
  A troll skeleton (Crypt:2)
  5 howler monkeys
  26 wights
  3 electric eels
  7 crimson imps
  4 lava snakes (Lab)
  A giant frog zombie (D:7)
  A wasp zombie (D:9)
  32 jellies
  5 quasits
  A basilisk zombie (Crypt:1)
  A black bear zombie (Crypt:3)
  11 orc priests
  6 centaur skeletons
  3 hounds
  3 iron imps
  23 orc wizards
  Ijyb (D:2)
  Jessica (D:3)
  A basilisk skeleton (Crypt:1)
  17 iguanas
  30 worker ants
  13 sheep
  A killer bee zombie (D:9)
  3 big kobold zombies
  A naga zombie (Tomb:1)
  A crocodile skeleton (Crypt:2)
  2 hound zombies
  72 mummies
  A worker ant zombie (D:7)
  Robin (D:4)
  4 gnolls (D:8)
  11 adders
  39 river rats
  3 shadow imps
  6 white imps
  An ufetubus (Abyss:1)
  2 oozes
  A worm (D:4)
  An adder skeleton (D:7)
  An iguana skeleton (Crypt:2)
  3 dart slugs
  5 giant geckos
  110 orcs
  6 ball pythons
  8 giant cockroaches
  23 goblins
  13 hobgoblins
  8 jackals
  7 quokkas
  9 bats
  A giant gecko skeleton (D:4)
  A giant gecko zombie (Crypt:3)
  4 giant newts
  A gnoll zombie (Ossuary)
  A goblin zombie (Ossuary)
  A hobgoblin zombie (Ossuary)
  A jackal skeleton (D:6)
  A jackal zombie (D:8)
  18 kobolds
  A kobold skeleton (Crypt:1)
  3 kobold zombies (Ossuary)
  An orc skeleton (Crypt:2)
  An orc zombie (Crypt:3)
  2 quokka zombies (D:7)
  17 rats
  A bush (Lair:8)
  A fire vortex (Hell)
  2 fungi
  A lurking horror (Abyss:1)
  3 plants
  2 starspawn tentacles (Abyss:1)
  A tentacle (Hell)
  A tentacle segment (Hell)
3634 creatures vanquished.

Vanquished Creatures (others)
  A deep elf master archer (Elf:3)
  A titan (Vaults:5)
  A deep elf elementalist (Elf:3)
  A draconian knight (Zot:5)
  A stone giant (Vaults:5)
  4 merfolk javelineers
  A green death (Hell)
  A vault guard (Vaults:4)
  A yaktaur captain (Vaults:4)
  A satyr (Shoals:4)
  A centaur warrior (Vaults:3)
  A hell hog (Depths:3)
  16 death scarabs (Tomb:2)
  3 deep elf archers
  2 deep elf magi
  2 salamanders
  A cyclops (Depths:2)
  2 fauns
  11 yaktaurs
  An ice dragon zombie (Tomb:2)
  An ettin zombie (Tomb:2)
  9 flying skulls
  A small abomination (Abyss:1)
  4 humans
  A giant eyeball (shapeshifter) (Depths:4)
  An orc warrior (Vaults:5)
  2 ogres
  A boggart (Depths:2)
  A centaur (Shoals:2)
  A naga skeleton (Tomb:2)
  A mummy (Tomb:2)
  2 orcs (D:8)
  3 bushes (Lair:8)
  29 fungi
  7 lost souls
  13 plants
  9 starspawn tentacles (Abyss:1)
  167 starspawn tentacle segments (Abyss:1)
  22 tentacles
  379 tentacle segments
707 creatures vanquished.

Grand Total: 4341 creatures vanquished

Notes
Turn   | Place    | Note
--------------------------------------------------------------
     0 | D:1      | Peloso the Minotaur Fighter began the quest for the Orb.
     0 | D:1      | Reached XP level 1. HP: 19/19 MP: 0/0
   123 | D:1      | Reached XP level 2. HP: 22/27 MP: 1/1
   482 | D:1      | Reached XP level 3. HP: 32/33 MP: 2/2
   522 | D:1      | You fall through a shaft!
   572 | D:2      | Noticed Ijyb
   595 | D:2      | Killed Ijyb
   595 | D:2      | Reached XP level 4. HP: 34/40 MP: 3/3
   657 | D:2      | Found a burning altar of Makhleb.
   707 | D:2      | Found a shadowy altar of Dithmenos.
   751 | D:2      | Reached skill level 1 in Dodging
   804 | D:2      | Found an opulent altar of Gozag.
   826 | D:2      | Found a sacrificial altar of Ru.
   870 | D:2      | Found a sparkling altar of Nemelex Xobeh.
  1016 | D:2      | Found a basalt altar of Yredelemnul.
  1089 | D:2      | Found a white marble altar of Elyvilon.
  1750 | D:3      | Reached XP level 5. HP: 46/46 MP: 4/4
  1988 | D:3      | Reached skill level 5 in Shields
  2009 | D:3      | Noticed Jessica
  2018 | D:3      | Killed Jessica
  2018 | D:3      | Reached skill level 5 in Armour
  2266 | D:4      | Reached XP level 6. HP: 47/55 MP: 5/5
  2296 | D:4      | Reached skill level 5 in Fighting
  2466 | D:4      | Reached XP level 7. HP: 55/59 MP: 6/6
  2567 | D:4      | Noticed Menkaure
  2579 | D:4      | Killed Menkaure
  2579 | D:4      | Reached skill level 5 in Long Blades
  2908 | D:4      | Noticed Robin
  2930 | D:4      | Killed Robin
  3522 | D:5      | Entered Level 5 of the Dungeon
  4022 | D:5      | Reached XP level 8. HP: 36/69 MP: 7/7
  4372 | D:6      | Noticed Edmund
  4396 | D:6      | Killed Edmund
  4488 | D:6      | Found a sand-covered staircase.
  4492 | Ossuary  | Entered an ossuary
  4807 | D:6      | Found a glowing drain.
  4816 | Sewer    | Entered a sewer
  4939 | Sewer    | Found a white marble altar of Elyvilon.
  5522 | D:7      | Found a shattered altar of Ashenzari.
  5929 | D:7      | Reached XP level 9. HP: 68/77 MP: 8/8
  6028 | D:7      | Found a staircase to the Ecumenical Temple.
  6041 | Temple   | Entered the Ecumenical Temple
  7105 | D:8      | Noticed Maurice
  7156 | D:8      | Killed Maurice
  7479 | D:8      | Noticed Psyche
  7566 | D:8      | Killed Psyche
  7689 | D:8      | Noticed Erica
  7717 | D:8      | HP: 4/82 [something (3)]
  8077 | D:8      | Reached XP level 10. HP: 82/89 MP: 1/9
  8187 | D:8      | Killed Erica
  8187 | D:8      | Reached skill level 10 in Armour
  8425 | D:8      | Reached skill level 10 in Shields
  9327 | D:9      | Found an iron altar of Okawaru.
  9352 | D:9      | Became a worshipper of Warmaster Okawaru
  9996 | D:10     | Entered Level 10 of the Dungeon
 10033 | D:10     | Found Zaynor's Book Emporium.
 10131 | D:10     | Reached * piety under Okawaru
 10154 | D:10     | Got a coiled steel amulet
 10155 | D:10     | Identified the amulet "Rilaluel" {Spirit rC+ Str+4} (You found it on level 10 of the Dungeon)
 10165 | D:10     | Found a staircase to the Lair.
 10750 | D:11     | Reached ** piety under Okawaru
 10750 | D:11     | Reached XP level 11. HP: 99/99 MP: 10/10
 10785 | D:11     | Noticed Fannar
 10894 | D:11     | Killed Fannar
 10894 | D:11     | Reached skill level 10 in Fighting
 10911 | D:11     | Noticed Grum
 10920 | D:11     | Killed Grum
 10966 | D:11     | Reached skill level 10 in Long Blades
 10979 | D:11     | Noticed letownia's ghost (journeyman OpWz)
 10991 | D:11     | Killed letownia's ghost
 10991 | D:11     | Reached *** piety under Okawaru
 11018 | D:11     | Noticed a green ugly thing
 11025 | D:11     | Killed a green ugly thing
 11032 | D:11     | Reached skill level 1 in Stealth
 11395 | D:11     | Noticed a hill giant
 11402 | D:11     | Killed a hill giant
 11814 | D:12     | Reached **** piety under Okawaru
 11835 | D:12     | Noticed a hill giant
 11844 | D:12     | Killed a hill giant
 11996 | D:12     | Found a staircase to the Orcish Mines.
 12037 | D:12     | Noticed Nessos
 12047 | D:12     | Killed Nessos
 12047 | D:12     | Reached ***** piety under Okawaru
 12047 | D:12     | Reached skill level 5 in Dodging
 12055 | D:12     | Noticed a white ugly thing
 12055 | D:12     | Reached XP level 12. HP: 7/108 MP: 1/11
 13196 | Lair:1   | Entered Level 1 of the Lair of Beasts
 13275 | Lair:1   | Noticed a seven-headed hydra
 13280 | Lair:1   | Killed a four-headed hydra
 13283 | Lair:1   | Noticed a six-headed hydra
 13292 | Lair:1   | Killed a one-headed hydra
 13292 | Lair:1   | Received a gift from Okawaru
 14637 | Lair:2   | Reached ****** piety under Okawaru
 14792 | Lair:2   | Noticed Gastronok
 14814 | Lair:2   | Killed Gastronok
 14814 | Lair:2   | Received a gift from Okawaru
 14814 | Lair:2   | Reached XP level 13. HP: 28/118 MP: 6/12
 16358 | Lair:3   | Received a gift from Okawaru
 16753 | Lair:4   | Noticed Nergalle
 16793 | Lair:4   | Killed Nergalle
 17199 | Lair:4   | Found a frozen archway.
 17239 | IceCv    | Entered an ice cave
 17484 | IceCv    | Reached skill level 15 in Shields
 17839 | IceCv    | Got a slimy marble ring
 17843 | IceCv    | Got a sparkling lapis lazuli ring
 18036 | IceCv    | Identified the ring of Rygearph {SustAt rF++} (You found it in an ice cave)
 18044 | IceCv    | Identified the ring "Diwkiqos" {rC- rN+ Str+6 Int+3 SInv} (You found it in an ice cave)
 18302 | Lair:4   | Reached skill level 1 in Invocations
 18356 | Lair:4   | Found a staircase to the Shoals.
 18759 | Lair:5   | Received a gift from Okawaru
 18764 | Lair:5   | Got a pair of ancient gloves {god gift}
 18770 | Lair:5   | Identified the -1 pair of gloves "Pusaplee" {+Inv Str+4 Slay+2} (Okawaru gifted it to you on level 5 of the Lair of Beasts)
 18844 | Lair:5   | Reached XP level 14. HP: 50/127 MP: 5/14
 19097 | Lair:5   | Found a staircase to the Snake Pit.
 19638 | Lair:6   | Noticed Kirke
 19700 | Lair:6   | Killed Kirke
 19855 | Lair:6   | Noticed schammes's ghost (journeyman GrFi)
 19875 | Lair:6   | Killed schammes's ghost
 20003 | Lair:6   | Found a shimmering altar of Xom.
 20988 | Lair:7   | Received a gift from Okawaru
 21041 | Lair:7   | Found a staircase to the Slime Pits.
 21122 | Lair:7   | Reached skill level 15 in Long Blades
 21603 | Lair:7   | Noticed Maud
 21614 | Lair:7   | Killed Maud
 22119 | Lair:8   | Entered Level 8 of the Lair of Beasts
 22267 | Lair:8   | HP: 3/130 [spiny frog (9)]
 22326 | Lair:8   | Reached XP level 15. HP: 14/137 MP: 3/15
 22473 | Lair:8   | Found a labyrinth entrance.
 22482 | Lab      | Entered a labyrinth
 23173 | Lair:8   | Received a gift from Okawaru
 23399 | Lair:8   | Got a polished spear
 23402 | Lair:8   | Got a jewelled trident
 23404 | Lair:8   | Identified the cursed +3 spear "Waul Gaatu" {freeze, *Drain Int+3 Stlth+} (You found it on level 8 of the Lair of Beasts)
 23408 | Lair:8   | Identified the +5 trident "Noaleps" {drain, Int+3 Dex+5} (You found it on level 8 of the Lair of Beasts)
 24612 | Orc:1    | Entered Level 1 of the Orcish Mines
 24999 | Orc:2    | Entered Level 2 of the Orcish Mines
 25038 | Orc:2    | Noticed Rupert
 25064 | Orc:2    | Killed Rupert
 25324 | Orc:2    | Found Hejavo's Distillery.
 25587 | Orc:2    | Found a staircase to the Elven Halls.
 25633 | Orc:2    | Reached skill level 15 in Armour
 26037 | Orc:2    | Found a roughly hewn altar of Beogh.
 26046 | Orc:2    | Found Kiuth's Weapon Shoppe.
 26046 | Orc:2    | Found Bagiwam's General Store.
 26090 | Orc:2    | Paralysed by an orc sorcerer for 3 turns
 26311 | Orc:2    | Found Wesk's Magic Scroll Shoppe.
 26311 | Orc:2    | Found Cist's Magic Scroll Boutique.
 26976 | Shoals:1 | Entered Level 1 of the Shoals
 27019 | Shoals:1 | Received a gift from Okawaru
 28115 | Snake:1  | Entered Level 1 of the Snake Pit
 28257 | Snake:1  | Reached XP level 16. HP: 96/147 MP: 4/16
 28650 | Snake:1  | Received a gift from Okawaru
 28711 | Snake:1  | Got a twisted dagger
 29075 | Snake:1  | Received a gift from Okawaru
 29078 | Snake:1  | Got a steaming morningstar {god gift}
 30140 | Snake:2  | Reached skill level 15 in Fighting
 30653 | Snake:2  | Identified the +8 morningstar of Ebbi Gim {crush, MR++} (Okawaru gifted it to you on level 1 of the Snake Pit)
 30925 | Snake:2  | Found a runed gate.
 30925 | Snake:2  | Found a runed gate.
 30925 | Snake:2  | Found a runed gate.
 30945 | Snake:2  | Received a gift from Okawaru
 32652 | Snake:2  | Received a gift from Okawaru
 34195 | D:14     | Found a blossoming altar of Fedhas.
 34211 | D:14     | Got a steaming bardiche
 34220 | D:14     | Got a crude chain mail
 34231 | D:14     | Identified the cursed +0 chain mail of the Oligarchy {+Fly rCorr Str-2 Dex+7} (You found it on level 14 of the Dungeon)
 34277 | D:14     | Reached skill level 1 in Evocations
 34315 | D:14     | Found a radiant altar of Vehumet.
 34318 | D:14     | Identified a scroll of acquirement
 34378 | D:14     | Reached XP level 17. HP: 156/156 MP: 17/17
 34392 | D:14     | Found a gate to the Vaults.
 34505 | D:14     | Received a gift from Okawaru
 34598 | D:15     | Entered Level 15 of the Dungeon
 34789 | D:15     | Found a staircase to the Depths.
 36657 | Snake:3  | Identified the cursed +1 bardiche "Satzucs" {flame, +Fly} (You found it on level 14 of the Dungeon)
 37436 | Snake:3  | Got a steaming falchion
 37437 | Snake:3  | Identified the +8 falchion of the Living Dead {speed, *Rage *Drain rElec Dex+7} (You found it on level 3 of the Snake Pit)
 37863 | Snake:4  | Entered Level 4 of the Snake Pit
 38306 | Snake:4  | Received a gift from Okawaru
 39288 | Snake:4  | Received a gift from Okawaru
 39294 | Snake:4  | Got a fine long sword {god gift}
 39305 | Snake:4  | Reached XP level 18. HP: 166/166 MP: 18/18
 39326 | Snake:4  | Identified the +9 long sword "Toto" {drain, Str+5} (Okawaru gifted it to you on level 4 of the Snake Pit)
 40225 | Snake:4  | Received a gift from Okawaru
 40505 | Snake:4  | Got a serpentine rune of Zot
 42168 | Shoals:3 | Found Wuff's Weapon Shoppe.
 43236 | Shoals:3 | Got a scorched cloak
 43247 | Shoals:3 | Identified the +2 cloak of Fuesuiwn {Int+4 Dex+4 Slay+2} (You found it on level 3 of the Shoals)
 43659 | Shoals:4 | Entered Level 4 of the Shoals
 43669 | Shoals:4 | Noticed Ilsuiw
 43691 | Shoals:4 | Killed Ilsuiw
 44361 | Shoals:4 | Received a gift from Okawaru
 45112 | Shoals:4 | Reached XP level 19. HP: 158/174 MP: 19/19
 45166 | Shoals:4 | Got a barnacled rune of Zot
 46581 | Shoals:4 | Got a crude short sword
 47088 | Lair:1   | Identified the +6 short sword of Patterns {drain, rF+} (You found it on level 4 of the Shoals)
 47286 | Elf:1    | Entered Level 1 of the Elven Halls
 47288 | Elf:1    | Noticed Azrael
 47305 | Elf:1    | Killed Azrael
 47397 | Elf:1    | Received a gift from Okawaru
 47754 | Elf:1    | Received a gift from Okawaru
 47981 | Elf:1    | Found a deep blue altar of Sif Muna.
 48018 | Elf:1    | You fall through a shaft!
 48019 | Elf:2    | Noticed Wiglaf
 48037 | Elf:2    | Killed Wiglaf
 48466 | Elf:2    | Found a huge runed gate.
 48467 | Elf:2    | Found a huge runed gate.
 48468 | Elf:2    | Found a huge runed gate.
 48469 | Elf:2    | Found a huge runed gate.
 48470 | Elf:2    | Found a huge runed gate.
 49004 | Elf:1    | Identified the Compendium of Limitation
 50123 | Elf:2    | Received a gift from Okawaru
 50154 | Elf:2    | Identified the Compendium of Dark Rites
 50297 | Elf:2    | Noticed Aizul
 50304 | Elf:2    | Killed Aizul
 50343 | Elf:2    | Noticed Asterion
 50368 | Elf:2    | Killed Asterion
 50372 | Elf:2    | Reached XP level 20. HP: 182/185 MP: 18/20
 50374 | Elf:2    | Got a transparent shield
 50391 | Elf:2    | Identified the +3 shield "Forget-Me-Not" {Dex+2 SInv} (You took it off Asterion on level 2 of the Elven Halls)
 51396 | Elf:3    | Entered Level 3 of the Elven Halls
 51771 | Elf:3    | Found Rys Kac's Magic Scroll Shoppe.
 52011 | Elf:3    | Received a gift from Okawaru
 52013 | Elf:3    | HP: 1/187 [disintegration[a deep elf demonologist] (27)]
 52769 | Elf:3    | Got a flickering brass ring
 52772 | Elf:3    | Identified the ring of Soaded Ysirr {+Fly rPois rF+ EV+4 Int+4} (You took it off a deep elf death mage on level 3 of the Elven Halls)
 53506 | Elf:3    | Got a transparent chain mail
 53517 | Elf:3    | Identified the cursed +1 chain mail of Proximity {rC++ MR+ Dex+2} (You found it on level 3 of the Elven Halls)
 54241 | Vaults:1 | Entered Level 1 of the Vaults
 54296 | Vaults:1 | Noticed Jorgrun
 54306 | Vaults:1 | Killed Jorgrun
 55374 | Vaults:1 | Received a gift from Okawaru
 55512 | Vaults:1 | Found a portal to a secret trove of treasure.
 55687 | Vaults:1 | Noticed Norris
 55702 | Vaults:1 | Killed Norris
 55833 | Vaults:1 | Reached XP level 21. HP: 195/195 MP: 21/21
 56168 | Vaults:2 | Found Hefua's Magic Scroll Shop.
 56180 | Vaults:2 | Bought a scroll of magic mapping for 38 gold pieces
 56226 | Vaults:2 | Found Okhlajupt's Gadget Emporium.
 56309 | Vaults:2 | Received a gift from Okawaru
 56528 | Vaults:2 | Found Niuhelom's Book Boutique.
 56745 | Vaults:2 | Found Getzom's Assorted Antiques.
 57379 | Vaults:2 | Found Fafuraumn's Weapon Shop.
 58371 | Vaults:3 | Received a gift from Okawaru
 58443 | Vaults:3 | Found a staircase to the Crypt.
 59872 | Vaults:4 | Noticed Xtahua
 59880 | Vaults:4 | Killed Xtahua
 60220 | Vaults:4 | Noticed an ancient lich
 60250 | Vaults:4 | Killed an ancient lich
 60250 | Vaults:4 | Reached XP level 22. HP: 109/209 MP: 11/22
 60315 | Vaults:4 | Received a gift from Okawaru
 60537 | Vaults:4 | Received a gift from Okawaru
 61461 | Vaults:5 | Entered Level 5 of the Vaults
 61482 | Vaults:5 | Noticed Jory
 61702 | Vaults:4 | Received a gift from Okawaru
 61703 | Vaults:4 | Got a smoking morningstar {god gift}
 61706 | Vaults:4 | Identified the +10 morningstar of Okawaru's Hope {vamp, rC++ Int-3 SInv} (Okawaru gifted it to you on level 4 of the Vaults)
 62826 | Vaults:4 | Received a gift from Okawaru
 62850 | Vaults:4 | Got a pair of shimmering boots {god gift}
 62866 | Vaults:4 | Identified the +0 pair of boots of Itzuitzomuu {-Cast rElec Dex+10 Stlth+} (Okawaru gifted it to you on level 4 of the Vaults)
 63191 | Vaults:5 | Noticed cba's ghost (adept FeEn)
 64188 | Vaults:4 | Killed Jory
 64188 | Vaults:4 | Reached XP level 23. HP: 100/217 MP: 12/23
 64841 | Vaults:5 | Killed cba's ghost
 66367 | Vaults:5 | Noticed an ancient lich
 66379 | Vaults:5 | Killed an ancient lich
 66392 | Vaults:5 | Received a gift from Okawaru
 66545 | Vaults:5 | Noticed an ancient lich
 66554 | Vaults:5 | Killed an ancient lich
 67221 | Vaults:5 | Got an ancient gossamer ring
 67454 | Vaults:5 | Identified the ring "Qocumay" {*Drain rElec rC+ MP+9} (You found it on level 5 of the Vaults)
 67683 | Vaults:5 | Found Wekhlol's General Store.
 67813 | Vaults:5 | Got a silver rune of Zot
 68588 | Depths:1 | Entered Level 1 of the Depths
 68615 | Depths:1 | Noticed raetorn's ghost (veteran MiFi)
 68629 | Depths:1 | Killed raetorn's ghost
 68925 | Depths:1 | Received a gift from Okawaru
 69323 | Depths:1 | Found a gateway to Hell.
 69836 | Depths:2 | Noticed Mara
 69837 | Depths:2 | Noticed Peloso's illusion
 69879 | Depths:2 | Killed Mara
 69892 | Depths:2 | Reached XP level 24. HP: 68/229 MP: 10/23
 70544 | Depths:2 | Found a bloodstained altar of Trog.
 70923 | Depths:2 | Reached skill level 27 in Shields
 71343 | Depths:2 | Received a gift from Okawaru
 71345 | Depths:2 | Noticed the Enchantress
 71361 | Depths:2 | Killed the Enchantress
 71363 | Depths:2 | Got a faerie dragon armour
 71374 | Depths:2 | Identified the +1 faerie dragon armour {rN+ MR+ Dex+4} (You took it off the Enchantress on level 2 of the Depths)
 71944 | Depths:2 | Reached skill level 10 in Dodging
 72310 | Depths:3 | Found a one-way gate to the infinite horrors of the Abyss.
 72365 | Depths:3 | Found a one-way gate leading to the halls of Pandemonium.
 72611 | Depths:3 | Reached skill level 27 in Long Blades
 72943 | Depths:3 | Received a gift from Okawaru
 73101 | Depths:3 | Found a gateway to a ziggurat.
 73246 | Depths:3 | Reached XP level 25. HP: 135/243 MP: 21/23
 73968 | Depths:4 | Noticed Louise
 73979 | Depths:4 | Killed Louise
 74621 | Depths:4 | Received a gift from Okawaru
 75050 | Depths:4 | Identified the Tome of the Lethal Oath
 75137 | Depths:5 | Entered Level 5 of the Depths
 75245 | Depths:5 | Found a gate to the Realm of Zot.
 75615 | Depths:5 | Received a gift from Okawaru
 75673 | Depths:5 | Got a pair of scorched boots {god gift}
 75684 | Depths:5 | Identified the +1 pair of boots "Bahevun" {Regen+} (Okawaru gifted it to you on level 5 of the Depths)
 75932 | Depths:5 | Identified Sif Muna's Reference Book on Lethal Dark Rites
 76713 | Slime:1  | Entered Level 1 of the Pits of Slime
 76727 | Slime:1  | Reached XP level 26. HP: 260/260 MP: 24/24
 77046 | Slime:3  | Gained mutation: Potions and wands are less effective at restoring your health. [a shining eye]
 77052 | Slime:3  | Gained mutation: [Your spells are a little easier to cast, but a little less powerful.] [a shining eye]
 77204 | Slime:1  | Gained mutation: You are frail (-10% HP). [a shining eye]
 77204 | Slime:1  | Lost mutation: Potions and wands are less effective at restoring your health. [a shining eye]
 77206 | Slime:1  | Gained mutation: You are very frail (-20% HP). [a shining eye]
 77206 | Slime:1  | Gained mutation: [You tend to lose your temper in combat.] [a shining eye]
 77208 | Slime:1  | Gained mutation: You expend magic power (3 MP) to strengthen your wands. [a shining eye]
 77208 | Slime:1  | Gained mutation: Your magical capacity is low (-10% MP). [a shining eye]
 77210 | Slime:1  | Gained mutation: [Your spells are easier to cast, but less powerful.] [a shining eye]
 77234 | Slime:1  | Gained mutation: [Your body sometimes deteriorates upon taking damage.] [a shining eye]
 77932 | Slime:4  | Gained mutation: You are extremely frail (-30% HP). [a shining eye]
 78641 | Slime:6  | Entered Level 6 of the Pits of Slime
 78759 | Slime:5  | Received a gift from Okawaru
 79349 | Slime:6  | Lost mutation: [Your body sometimes deteriorates upon taking damage.] [a shining eye]
 79367 | Slime:6  | Gained mutation: Scrolls take you a little longer to read. [a shining eye]
 79368 | Slime:6  | Gained mutation: [You often lose your temper in combat.] [a shining eye]
 79377 | Slime:6  | Reached skill level 27 in Fighting
 79647 | Slime:6  | Found a viscous altar of Jiyva.
 79650 | Slime:6  | Noticed the Royal Jelly
 79671 | Slime:6  | Gained mutation: Your magical capacity is very low (-20% MP). [a shining eye]
 80854 | Slime:5  | Received a gift from Okawaru
 81611 | Slime:6  | Killed the Royal Jelly
 81811 | Slime:6  | Got a fine scale mail
 81822 | Slime:6  | Identified the +1 scale mail of the Lost Cities {rF+ MR+} (You found it on level 6 of the Pits of Slime)
 81879 | Slime:6  | Identified the Reference Book on the Flamy Frostbite
 81960 | Slime:6  | Got a flickering copper ring
 81963 | Slime:6  | Identified the cursed ring "Weapaw" {*Corrode rN++ Str+2 Int-3} (You found it on level 6 of the Pits of Slime)
 82000 | Slime:6  | Identified the Guide on Sinister Transformation
 82009 | Slime:6  | Identified the Volume of Nocuous Air
 82011 | Slime:6  | Got a slimy rune of Zot
 82675 | Crypt:1  | Entered Level 1 of the Crypt
 82675 | Crypt:1  | Noticed Donald
 82690 | Crypt:1  | Killed Donald
 83244 | Crypt:1  | Noticed Margery
 83251 | Crypt:1  | Killed Margery
 83255 | Crypt:1  | Received a gift from Okawaru
 83287 | Crypt:1  | Got a steaming chain mail {god gift}
 83300 | Crypt:1  | Identified the +5 chain mail of Exclusion {rN+} (Okawaru gifted it to you on level 1 of the Crypt)
 83527 | Crypt:2  | Reached XP level 27. HP: 181/191 MP: 19/20
 83923 | Crypt:3  | Entered Level 3 of the Crypt
 84016 | Crypt:3  | Reached skill level 5 in Invocations
 84560 | Crypt:3  | Noticed an ancient lich
 84635 | Crypt:3  | Killed an ancient lich
 85054 | Crypt:3  | Found a staircase to the Tomb.
 86007 | Zot:1    | Entered Level 1 of the Realm of Zot
 87331 | Lair:1   | Lost mutation: [Your spells are easier to cast, but less powerful.] [potion of cure mutation]
 87331 | Lair:1   | Lost mutation: Scrolls take you a little longer to read. [potion of cure mutation]
 87331 | Lair:1   | Lost mutation: [Your spells are a little easier to cast, but a little less powerful.] [potion of cure mutation]
 87331 | Lair:1   | Lost mutation: You are extremely frail (-30% HP). [potion of cure mutation]
 87331 | Lair:1   | Lost mutation: Your magical capacity is very low (-20% MP). [potion of cure mutation]
 88301 | Zot:1    | Received a gift from Okawaru
 88311 | Zot:1    | Got a smoking hat {god gift}
 88322 | Zot:1    | Identified the +2 hat of Free Will {*Contam rElec MR+ Int+3} (Okawaru gifted it to you on level 1 of the Realm of Zot)
 88899 | Zot:2    | Reached skill level 15 in Dodging
 88941 | Zot:2    | Reached skill level 5 in Stealth
 90382 | Zot:3    | Received a gift from Okawaru
 90894 | Zot:4    | Reached skill level 27 in Armour
 91351 | Zot:5    | Entered Level 5 of the Realm of Zot
 91557 | Zot:5    | Noticed an ancient lich
 91568 | Zot:5    | Killed an ancient lich
 91571 | Zot:5    | Noticed an ancient lich
 91572 | Zot:5    | Received a gift from Okawaru
 91574 | Zot:5    | Noticed an orb of fire
 91575 | Zot:5    | Gained mutation: Your magical capacity is very low (-20% MP). [an orb of fire]
 91585 | Zot:5    | Killed an orb of fire
 91585 | Zot:5    | Reached skill level 5 in Evocations
 91590 | Zot:5    | Killed an ancient lich
 91591 | Zot:5    | Noticed an orb of fire
 91604 | Zot:5    | Killed an orb of fire
 91612 | Zot:5    | Received a gift from Okawaru
 91642 | Zot:5    | Noticed an orb of fire
 91648 | Zot:5    | Gained mutation: Your magical capacity is extremely low (-30% MP). [an orb of fire]
 91651 | Zot:5    | Killed an orb of fire
 91887 | Zot:5    | Noticed an orb of fire
 91893 | Zot:5    | Gained mutation: Scrolls take you a little longer to read. [an orb of fire]
 91898 | Zot:5    | Killed an orb of fire
 91920 | Zot:5    | Noticed an ancient lich
 91923 | Zot:5    | Killed an ancient lich
 91950 | Zot:5    | Noticed an orb of fire
 91962 | Zot:5    | Gained mutation: [Your body sometimes deteriorates upon taking damage.] [an orb of fire]
 91970 | Zot:5    | Gained mutation: You are weak. (Str -2) [an orb of fire]
 91971 | Zot:5    | Killed an orb of fire
 92013 | Zot:5    | Received a gift from Okawaru
 92317 | Zot:5    | Noticed an ancient lich
 92325 | Zot:5    | Killed an ancient lich
 92797 | Orc:2    | Bought a scroll of magic mapping for 42 gold pieces
 92806 | Orc:2    | Bought a scroll of enchant armour for 112 gold pieces
 92806 | Orc:2    | Bought a scroll of teleportation for 45 gold pieces
 94169 | D:9      | You fall through a shaft!
 94302 | D:13     | You fall through a shaft for 2 floors!
 96258 | Tomb:1   | Entered Level 1 of the Tomb of the Ancients
 96302 | Tomb:1   | Noticed baghtru's ghost (legendary HOFi)
 96322 | Tomb:1   | Killed baghtru's ghost
 96361 | Tomb:1   | Reached skill level 10 in Invocations
 96366 | Tomb:1   | Received a gift from Okawaru
 98436 | Slime:6  | Got a polished mace
 98437 | Slime:6  | Identified the +8 mace of Wadem {crush, Fragile +Inv MR++ MP+9} (You found it on level 6 of the Pits of Slime)
 98497 | Slime:6  | Got a slimy trident
 98499 | Slime:6  | Got a sapphire spear
 98502 | Slime:6  | Identified the +10 trident of Pyromania {holy, rC+} (You found it on level 6 of the Pits of Slime)
 98505 | Slime:6  | Identified the +5 spear "Orb Guardian's Foe" {elec, rPois rC+ rN+ Stlth-} (You found it on level 6 of the Pits of Slime)
 99263 | Tomb:1   | Noticed a greater mummy
 99323 | Tomb:1   | Killed a greater mummy
 99784 | Tomb:1   | Noticed a greater mummy
 99795 | Tomb:1   | Killed a greater mummy
100378 | Tomb:2   | Noticed a greater mummy
100380 | Tomb:2   | Noticed a greater mummy
100381 | Tomb:2   | Noticed a greater mummy
100425 | Tomb:2   | Noticed a greater mummy
100799 | Tomb:2   | Killed a greater mummy
100811 | Tomb:1   | Killed a greater mummy
100811 | Tomb:1   | Received a gift from Okawaru
101220 | Tomb:1   | Killed a greater mummy
101571 | Tomb:2   | Killed a greater mummy
102391 | Tomb:1   | Noticed a greater mummy
102399 | Tomb:1   | Killed a greater mummy
102402 | Tomb:1   | Noticed a greater mummy
102406 | Tomb:1   | Noticed a greater mummy
102412 | Tomb:1   | Killed a greater mummy
102422 | Tomb:1   | Noticed a greater mummy
102425 | Tomb:1   | Killed a greater mummy
102885 | Tomb:1   | Killed a greater mummy
103133 | Tomb:1   | Noticed a greater mummy
103155 | Tomb:1   | Killed a greater mummy
103323 | Tomb:1   | Noticed a greater mummy
103327 | Tomb:1   | Noticed a greater mummy
103332 | Tomb:1   | Killed a greater mummy
103338 | Tomb:1   | Killed a greater mummy
103340 | Tomb:1   | Noticed a greater mummy
103366 | Tomb:1   | Killed a greater mummy
103609 | Tomb:1   | Noticed a greater mummy
103613 | Tomb:1   | Killed a greater mummy
103666 | Tomb:1   | Noticed a greater mummy
103701 | Tomb:1   | Killed a greater mummy
103790 | Tomb:1   | Noticed a greater mummy
103793 | Tomb:1   | Noticed a greater mummy
103815 | Tomb:1   | Noticed a greater mummy
103825 | Tomb:1   | Killed a greater mummy
103834 | Tomb:1   | Killed a greater mummy
103842 | Tomb:1   | Killed a greater mummy
104119 | Tomb:1   | Noticed a greater mummy
104133 | Tomb:1   | Killed a greater mummy
104133 | Tomb:1   | Received a gift from Okawaru
104320 | Tomb:1   | Noticed a greater mummy
104329 | Tomb:1   | Killed a greater mummy
104741 | Tomb:1   | Noticed a greater mummy
104882 | Tomb:1   | Killed a greater mummy
105434 | Tomb:1   | Noticed a greater mummy
105436 | Tomb:1   | Noticed a greater mummy
105446 | Tomb:1   | Killed a greater mummy
105457 | Tomb:1   | Killed a greater mummy
106031 | Tomb:1   | Noticed a greater mummy
106042 | Tomb:1   | Killed a greater mummy
106125 | Tomb:1   | Noticed a greater mummy
106135 | Tomb:1   | Killed a greater mummy
107395 | Tomb:3   | Entered Level 3 of the Tomb of the Ancients
108563 | Tomb:3   | Noticed a greater mummy
109292 | Tomb:3   | Noticed a greater mummy
109564 | Tomb:2   | Received a gift from Okawaru
109954 | Tomb:2   | Killed a greater mummy
110498 | Tomb:2   | Killed a greater mummy
111660 | Tomb:3   | Noticed a greater mummy
112019 | Tomb:3   | Noticed a greater mummy
112040 | Tomb:3   | Noticed a greater mummy
112045 | Tomb:2   | Killed a greater mummy
112395 | Tomb:2   | Killed a greater mummy
112708 | Tomb:3   | Noticed a greater mummy
113319 | Tomb:3   | Noticed a greater mummy
113735 | Tomb:2   | Killed a greater mummy
113735 | Tomb:2   | Reached skill level 15 in Invocations
114335 | Tomb:2   | Killed a greater mummy
114835 | Tomb:3   | Killed a greater mummy
115030 | Tomb:3   | Noticed a greater mummy
115031 | Tomb:3   | Noticed a greater mummy
115364 | Tomb:2   | Killed a greater mummy
115708 | Tomb:3   | Killed a greater mummy
116149 | Tomb:3   | Got a golden rune of Zot
116180 | Tomb:3   | Noticed Frederick
116185 | Tomb:3   | Killed Frederick
116185 | Tomb:3   | Received a gift from Okawaru
116409 | Tomb:3   | Got a glittering granite ring
116579 | Tomb:3   | Identified the ring "Wyepiarucy" {Wiz +Blink rN+} (You found it on level 3 of the Tomb of the Ancients)
116661 | Tomb:3   | Got a sparkling iron ring
116664 | Tomb:3   | Identified the ring "Saoraxt" {*Corrode +Fly rPois MP+9 Slay+1} (You found it on level 3 of the Tomb of the Ancients)
116689 | Tomb:3   | Identified the Tome of Ice and Creation
117764 | Lair:1   | Lost mutation: [Your body sometimes deteriorates upon taking damage.] [potion of cure mutation]
117764 | Lair:1   | Lost mutation: Your magical capacity is extremely low (-30% MP). [potion of cure mutation]
117764 | Lair:1   | Lost mutation: [You often lose your temper in combat.] [potion of cure mutation]
117764 | Lair:1   | Lost mutation: You expend magic power (3 MP) to strengthen your wands. [potion of cure mutation]
117765 | Lair:1   | Gained mutation: You have sharp toenails. [potion of beneficial mutation]
118763 | Depths:1 | You fall through a shaft!
119602 | Hell     | Entered the Vestibule of Hell
119607 | Hell     | Noticed Geryon
119712 | Hell     | Killed Geryon
120169 | Hell     | Found a gateway to the freezing wastes of Cocytus.
120306 | Hell     | Found a gateway to the Iron City of Dis.
120402 | Hell     | Received a gift from Okawaru
120526 | Hell     | Found a gateway to the ashen valley of Gehenna.
120568 | Hell     | Found a gateway to the decaying netherworld of Tartarus.
120894 | Depths:4 | Voluntarily entered the Abyss.
121067 | Abyss:1  | Found a bloodstained altar of Trog.
121199 | Abyss:1  | Found a bloodstained altar of Trog.
121792 | Abyss:1  | HP: 9/201 [shadow dragon/bolt of negative energy (6)]
121792 | Abyss:1  | Killed from afar by a starcursed mass

Skill      XL: |  1  2  3  4  5  6  7  8  9 10 11 12 13 14 15 16 17 18 19 20 21 22 23 24 25 26 27 |
---------------+----------------------------------------------------------------------------------+-----
Armour         | 4 5 6 7 9 11 12 13 14 15 16 17 18 19 20 22 27 | 27.0
Shields        | 4 5 6 8 9 11 12 13 15 17 18 19 20 22 23 24 25 26 27 | 27.0
Fighting       | 4 5 6 7 8 9 10 12 13 14 15 16 17 18 19 20 21 23 25 27 | 27.0
Long Blades    | 3 4 5 7 8 9 11 12 14 15 16 17 19 20 22 23 24 25 27 | 27.0
Dodging        | 1 2 3 5 6 7 8 9 10 11 13 24 | 24.8
Stealth        | 1 2 3 4 5 |  5.5
Invocations    | 1 2 4 19 | 19.6
Evocations     | 1 2 9 |  9.2

Action                   |  1- 3 |  4- 6 |  7- 9 | 10-12 | 13-15 | 16-18 | 19-21 | 22-24 | 25-27 || total
-------------------------+-------+-------+-------+-------+-------+-------+-------+-------+-------++-------
Melee: Long sword        |    83 |   178 |   534 |    20 |   642 |   884 |   282 |       |       ||  2623
       Headbutt          |    15 |    32 |   132 |   189 |   431 |   526 |   449 |   412 |  1260 ||  3446
       Scimitar          |       |       |       |   711 |   847 |       |       |       |       ||  1558
       Unarmed           |       |       |       |       |     1 |       |       |       |       ||     1
       Demon blade       |       |       |       |       |       |   350 |       |       |       ||   350
       Falchion          |       |       |       |       |       |   299 |       |       |       ||   299
       Double sword      |       |       |       |       |       |       |  1077 |  1280 |  3467 ||  5824
Invok: Heroism           |       |       |       |     4 |    10 |     6 |     4 |    13 |    27 ||    64
       Finesse           |       |       |       |       |     1 |       |       |       |     4 ||     5
Evoke: Wand              |       |       |       |     1 |       |     7 |       |     1 |     7 ||    16
  Use: Scroll            |       |       |    21 |     9 |    14 |    10 |    11 |     3 |    43 ||   111
       Potion            |       |       |     5 |     2 |    11 |     2 |     9 |       |    13 ||    42
 Stab: Distracted        |       |       |       |       |       |     1 |       |       |       ||     1
       Held in net/web   |       |       |       |       |       |       |       |       |     1 ||     1
  Eat: Chunk             |       |     5 |    18 |    24 |    35 |    62 |   128 |   208 |   130 ||   610
       Fruit             |       |       |       |       |    11 |    24 |     3 |     8 |    15 ||    61
       Beef jerky        |       |       |       |       |       |     1 |     5 |     4 |     9 ||    19
       Royal jelly       |       |       |       |       |       |       |       |       |     6 ||     6
       Pizza             |       |       |       |       |       |       |       |       |    21 ||    21
       Meat ration       |       |       |       |       |       |       |       |       |     9 ||     9
Armor: Scale mail        |    40 |    27 |       |       |       |       |       |       |       ||    67
       Plate armour      |       |    58 |   260 |   367 |   540 |   499 |   387 |   463 |   394 ||  2968
       Gold dragon armou |       |       |       |       |       |       |       |       |   487 ||   487
Dodge: Dodged            |    19 |    25 |   108 |   214 |   520 |   440 |   391 |   610 |  2290 ||  4617
Block: Shield            |    34 |    68 |   281 |   531 |  1289 |  1481 |  1137 |  1365 |  3685 ||  9871
       Reflection        |       |       |       |       |    13 |    60 |   139 |    99 |    83 ||   394
